| TOP OF THE 1ST |
|
Salt Lake Bees batting - Pitching for Pawtucket Red Sox : RHP Edwin Carrasco
|
|
Pitching: RHP Edwin Carrasco
|
|
|
Batting: RHB Justin Lauderdale
|
0-0: Ball 1-0: Ground out 5-3 (Groundball, 56S, EV 65.0 MPH)
|
|
Batting: RHB Reginald McDougall
|
0-0: Foul Ball, location: 2F 0-1: Ball 1-1: Ball 2-1: Called Strike 2-2: Strikes out looking
|
|
Batting: RHB Andres Mendiola
|
0-0: Ball 1-0: Ball 2-0: Ball 3-0: Called Strike 3-1: Swinging Strike 3-2: Strikes out looking
|
| Top of the 1st over - 0 runs, 0 hits, 0 errors, 0 left on base; Salt Lake 0 - Pawtucket 0 |
| BOTTOM OF THE 1ST |
|
Pawtucket Red Sox batting - Pitching for Salt Lake Bees : LHP Nigel Turner
|
|
Pitching: LHP Nigel Turner
|
|
|
Batting: LHB Mike Mentzer
|
0-0: Ball 1-0: Foul Ball, location: 2F 1-1: Called Strike 1-2: Ball 2-2: Fly out, F9 (Flyball, 9D, EV 87.5 MPH)
|
|
Batting: LHB Mike Jones
|
0-0: Foul Ball, location: 2F 0-1: Ball 1-1: Ball 2-1: Ball 3-1: Foul Ball, location: 2F 3-2: Ground out 6-3 (Groundball, 6, EV 101.9 MPH)
|
|
Batting: SHB Ben Ervin
|
0-0: Ball 1-0: SINGLE (Groundball, 56D, EV 93.8 MPH)
|
|
Batting: RHB Marty King
|
0-0: Called Strike 0-1: Ball 1-1: Ball 2-1: Called Strike 2-2: Fly out, F9 (Flyball, 9S, EV 91.2 MPH)
|
| Bottom of the 1st over - 0 runs, 1 hit, 0 errors, 1 left on base; Salt Lake 0 - Pawtucket 0 |
| TOP OF THE 2ND |
|
Salt Lake Bees batting - Pitching for Pawtucket Red Sox : RHP Edwin Carrasco
|
|
Batting: LHB Vinny Carreno
|
0-0: Fly out, F8 (Line Drive, 8RM, EV 94.4 MPH)
|
|
Batting: RHB Guillermo Mojica
|
0-0: Ball 1-0: Ball 2-0: SINGLE (Groundball, 56, EV 80.6 MPH) (infield hit)
|
|
Batting: RHB Cesar Ortega
|
0-0: Ball 1-0: Foul Ball, location: 2F 1-1: Ball Wild Pitch! Guillermo Mojica to second 2-1: Ground out 6-3 (Groundball, P, EV 90.0 MPH) Guillermo Mojica to third
|
|
Batting: SHB Brendan Bundy
|
0-0: Called Strike 0-1: SINGLE (Groundball, 6MD, EV 108.8 MPH) Guillermo Mojica scores
|
|
Batting: SHB Ivan Barry
|
0-0: SINGLE (Groundball, 6MD, EV 96.9 MPH) Brendan Bundy to second
|
|
Batting: RHB Justin Noll
|
0-0: Fielders Choice at 2nd, 6-4 (Groundball, 6MD, EV 88.8 MPH)
|
| Top of the 2nd over - 1 run, 3 hits, 0 errors, 2 left on base; Salt Lake 1 - Pawtucket 0 |
| BOTTOM OF THE 2ND |
|
Pawtucket Red Sox batting - Pitching for Salt Lake Bees : LHP Nigel Turner
|
|
Batting: RHB Ernie Genier
|
0-0: Ball 1-0: Called Strike 1-1: SINGLE (Line Drive, 4M, EV 107.5 MPH)
|
|
Batting: RHB Garry Hash
|
0-0: Ball 1-0: Grounds into double play, 5-4-3 (Groundball, 5, EV 83.8 MPH)
|
|
Batting: RHB Xavier Joslin
|
0-0: Foul Ball, location: 2F 0-1: Foul Ball, location: 2F 0-2: Ball 1-2: Ball 2-2: Ball 3-2: DOUBLE (Flyball, 78XD, EV 108.1 MPH)
|
|
Batting: LHB Justin Wenzel
|
0-0: Ground out 5-3 (Groundball, 56, EV 85.0 MPH)
|
| Bottom of the 2nd over - 0 runs, 2 hits, 0 errors, 1 left on base; Salt Lake 1 - Pawtucket 0 |
| TOP OF THE 3RD |
|
Salt Lake Bees batting - Pitching for Pawtucket Red Sox : RHP Edwin Carrasco
|
|
Batting: RHB Justin Lauderdale
|
0-0: Ball 1-0: Ball 2-0: SINGLE (Groundball, 6MD, EV 101.2 MPH)
|
|
Batting: RHB Reginald McDougall
|
0-0: Called Strike 0-1: Ball 1-1: Ball 2-1: Foul Ball, location: 2F 2-2: Ball 3-2: Fly out, F7 (Flyball, 7LM, EV 85.6 MPH)
|
|
Batting: RHB Andres Mendiola
|
0-0: Ball 1-0: Foul Ball, location: 2F 1-1: Swinging Strike 1-2: Ball 2-2: Foul Ball, location: 2F 2-2: Foul Ball, location: 2F 2-2: DOUBLE (Groundball, 5L, EV 106.2 MPH) Justin Lauderdale to third
|
|
Batting: LHB Vinny Carreno
|
0-0: Foul Ball, location: 2F 0-1: Ball 1-1: SINGLE (Groundball, 6MS, EV 63.1 MPH) (infield hit) Justin Lauderdale scores Andres Mendiola to third
|
|
Batting: RHB Guillermo Mojica
|
0-0: Called Strike 0-1: Called Strike 0-2: Foul Ball, location: 2F 0-2: Strikes out swinging
|
|
Batting: RHB Cesar Ortega
|
0-0: Ball 1-0: Ball 2-0: Called Strike 2-1: Foul Ball, location: 2F 2-2: Strikes out swinging
|
| Top of the 3rd over - 1 run, 3 hits, 0 errors, 2 left on base; Salt Lake 2 - Pawtucket 0 |
| BOTTOM OF THE 3RD |
|
Pawtucket Red Sox batting - Pitching for Salt Lake Bees : LHP Nigel Turner
|
|
Batting: SHB Gus Cruz
|
0-0: Foul Ball, location: 2F 0-1: Ground out 6-3 (Groundball, 6, EV 78.1 MPH)
|
|
Batting: LHB Mike Mentzer
|
0-0: Called Strike 0-1: Ball 1-1: Foul Ball, location: 2F 1-2: Ball 2-2: Ground out U3 (Groundball, 3S, EV 66.9 MPH)
|
|
Batting: LHB Mike Jones
|
0-0: Called Strike 0-1: Ball 1-1: Foul Ball, location: 2F 1-2: Ball 2-2: Ground out 4-3 (Groundball, 4, EV 84.4 MPH)
|
| Bottom of the 3rd over - 0 runs, 0 hits, 0 errors, 0 left on base; Salt Lake 2 - Pawtucket 0 |
| TOP OF THE 4TH |
|
Salt Lake Bees batting - Pitching for Pawtucket Red Sox : RHP Edwin Carrasco
|
|
Batting: SHB Brendan Bundy
|
0-0: Ball 1-0: Ball 2-0: Ball 3-0: Called Strike 3-1: Called Strike 3-2: Foul Ball, location: 2F 3-2: Foul Ball, location: 2F 3-2: Fly out, F9 (Flyball, 9D, EV 80.0 MPH)
|
|
Batting: SHB Ivan Barry
|
0-0: Ball 1-0: Called Strike 1-1: Ball 2-1: SINGLE (Line Drive, 7S, EV 101.2 MPH)
|
|
Batting: RHB Justin Noll
|
0-0: Ball 1-0: Fly out, F9 (Flyball, 9LD, EV 110.0 MPH)
|
|
Batting: RHB Justin Lauderdale
|
0-0: Foul Ball, location: 2F 0-1: Ball 1-1: Ball 2-1: Foul Ball, location: 2F 2-2: Fly out, F3 (Popup, 3F, EV 80.0 MPH)
|
| Top of the 4th over - 0 runs, 1 hit, 0 errors, 1 left on base; Salt Lake 2 - Pawtucket 0 |
| BOTTOM OF THE 4TH |
|
Pawtucket Red Sox batting - Pitching for Salt Lake Bees : LHP Nigel Turner
|
|
Batting: SHB Ben Ervin
|
0-0: Ball 1-0: Called Strike 1-1: Ball 2-1: Foul Ball, location: 2F 2-2: Ball 3-2: Reached on error, E6 (Groundball, 6, EV 109.4 MPH)
|
|
Batting: RHB Marty King
|
0-0: Ball 1-0: Ground out U3 (Groundball, 13, EV 78.1 MPH) Ben Ervin to third
|
|
Batting: RHB Ernie Genier
|
0-0: Ball 1-0: Swinging Strike 1-1: Ball 2-1: Ball 3-1: SINGLE (Groundball, 6MS, EV 68.8 MPH) (infield hit) Ben Ervin scores
|
|
Batting: RHB Garry Hash
|
0-0: Ball 1-0: Called Strike 1-1: Ball 2-1: Grounds into double play, 5-4-3 (Groundball, 15, EV 84.4 MPH)
|
| Bottom of the 4th over - 1 run, 1 hit, 1 error, 0 left on base; Salt Lake 2 - Pawtucket 1 |
| TOP OF THE 5TH |
|
Salt Lake Bees batting - Pitching for Pawtucket Red Sox : RHP Edwin Carrasco
|
|
Batting: RHB Reginald McDougall
|
0-0: Called Strike 0-1: Ground out 3-1 (Groundball, 34, EV 91.2 MPH)
|
|
Batting: RHB Andres Mendiola
|
0-0: Called Strike 0-1: Called Strike 0-2: Fly out, F9 (Flyball, 89D, EV 101.9 MPH)
|
|
Batting: LHB Vinny Carreno
|
0-0: Ball 1-0: Ground out 5-3 (Groundball, 56, EV 88.8 MPH)
|
| Top of the 5th over - 0 runs, 0 hits, 0 errors, 0 left on base; Salt Lake 2 - Pawtucket 1 |
| BOTTOM OF THE 5TH |
|
Pawtucket Red Sox batting - Pitching for Salt Lake Bees : LHP Nigel Turner
|
|
Batting: RHB Xavier Joslin
|
0-0: Called Strike 0-1: Ball 1-1: Ground out 6-3 (Groundball, 6, EV 90.0 MPH)
|
|
Batting: LHB Justin Wenzel
|
0-0: Fly out, F5 (Popup, 5SF, EV 75.6 MPH)
|
|
Batting: SHB Gus Cruz
|
0-0: Called Strike 0-1: Ground out 5-3 (Groundball, 5, EV 86.9 MPH)
|
| Bottom of the 5th over - 0 runs, 0 hits, 0 errors, 0 left on base; Salt Lake 2 - Pawtucket 1 |
| TOP OF THE 6TH |
|
Salt Lake Bees batting - Pitching for Pawtucket Red Sox : RHP Edwin Carrasco
|
|
Batting: RHB Guillermo Mojica
|
0-0: Ball 1-0: Called Strike 1-1: Foul Ball, location: 2F 1-2: Fly out, F3 (Popup, 3S, EV 86.2 MPH)
|
|
Batting: RHB Cesar Ortega
|
0-0: Ball 1-0: Ball 2-0: Ground out 6-3 (Groundball, 6, EV 90.0 MPH)
|
|
Batting: SHB Brendan Bundy
|
0-0: Swinging Strike 0-1: Called Strike 0-2: Ball 1-2: Strikes out swinging
|
| Top of the 6th over - 0 runs, 0 hits, 0 errors, 0 left on base; Salt Lake 2 - Pawtucket 1 |
| BOTTOM OF THE 6TH |
|
Pawtucket Red Sox batting - Pitching for Salt Lake Bees : LHP Nigel Turner
|
|
Batting: LHB Mike Mentzer
|
0-0: Called Strike 0-1: Ball 1-1: Foul Ball, location: 2F 1-2: Foul Ball, location: 2F 1-2: Fly out, F7 (Flyball, 7LM, EV 83.8 MPH)
|
|
Batting: LHB Mike Jones
|
0-0: Called Strike 0-1: DOUBLE (Line Drive, 7LS, EV 101.9 MPH)
|
|
Batting: SHB Ben Ervin
|
0-0: Swinging Strike Passed Ball! Mike Jones to third 0-1: Ball 1-1: Foul Ball, location: 2F 1-2: Strikes out looking
|
|
Batting: RHB Marty King
|
0-0: Called Strike 0-1: Ball 1-1: Ball 2-1: Ball 3-1: Base on Balls
|
|
Batting: RHB Ernie Genier
|
0-0: Foul Ball, location: 2F 0-1: SINGLE (Line Drive, 34D, EV 94.4 MPH) Mike Jones scores Marty King to second
|
|
Batting: RHB Garry Hash
|
0-0: Ball 1-0: Fly out, F8 (Flyball, 8LD, EV 101.2 MPH)
|
| Bottom of the 6th over - 1 run, 2 hits, 0 errors, 2 left on base; Salt Lake 2 - Pawtucket 2 |
| TOP OF THE 7TH |
|
Salt Lake Bees batting - Pitching for Pawtucket Red Sox : RHP Edwin Carrasco
|
|
Batting: SHB Ivan Barry
|
0-0: Ball 1-0: Ground out 5-3 (Groundball, 56, EV 82.5 MPH)
|
|
Batting: RHB Justin Noll
|
0-0: Ball 1-0: Called Strike 1-1: Foul Ball, location: 2F 1-2: Fly out, F8 (Flyball, 8RD, EV 108.1 MPH)
|
|
Batting: RHB Justin Lauderdale
|
0-0: Called Strike 0-1: Swinging Strike 0-2: Ball 1-2: Strikes out swinging
|
| Top of the 7th over - 0 runs, 0 hits, 0 errors, 0 left on base; Salt Lake 2 - Pawtucket 2 |
| BOTTOM OF THE 7TH |
|
Pawtucket Red Sox batting - Pitching for Salt Lake Bees : LHP Nigel Turner
|
|
Batting: RHB Xavier Joslin
|
0-0: Ball 1-0: Called Strike 1-1: Ground out 6-3 (Groundball, 6, EV 92.5 MPH)
|
|
Batting: LHB Justin Wenzel
|
0-0: Called Strike 0-1: Foul Ball, location: 2F 0-2: Fly out, F7 (Flyball, 7S, EV 81.9 MPH)
|
|
Batting: SHB Gus Cruz
|
0-0: Ball 1-0: Ground out 6-3 (Groundball, 6, EV 83.8 MPH)
|
| Bottom of the 7th over - 0 runs, 0 hits, 0 errors, 0 left on base; Salt Lake 2 - Pawtucket 2 |
| TOP OF THE 8TH |
|
Salt Lake Bees batting - Pitching for Pawtucket Red Sox : RHP Edwin Carrasco
|
|
Pitching: LHP Zack McGovern
|
|
|
Batting: RHB Reginald McDougall
|
0-0: Ball 1-0: Ball 2-0: Called Strike 2-1: Called Strike 2-2: Foul Ball, location: 2F 2-2: Strikes out swinging
|
|
Batting: RHB Andres Mendiola
|
0-0: Called Strike 0-1: Swinging Strike 0-2: Ball 1-2: Strikes out swinging
|
|
Batting: LHB Vinny Carreno
|
0-0: Called Strike 0-1: Ball 1-1: Ground out U3 (Groundball, 3L, EV 85.6 MPH)
|
| Top of the 8th over - 0 runs, 0 hits, 0 errors, 0 left on base; Salt Lake 2 - Pawtucket 2 |
| BOTTOM OF THE 8TH |
|
Pawtucket Red Sox batting - Pitching for Salt Lake Bees : LHP Nigel Turner
|
|
Batting: LHB Mike Mentzer
|
0-0: Ball 1-0: Ball 2-0: Ball 3-0: Base on Balls
|
|
Pitching: LHP Matt Barr
|
|
|
Pinch Hitting: RHB Mike Quackenbush
|
0-0: Called Strike 0-1: Ball 1-1: Ball 2-1: Foul Ball, location: 2F 2-2: Foul Ball, location: 2F 2-2: SINGLE (Groundball, 6MD, EV 93.8 MPH) Mike Mentzer to second Runner from 2nd tries for 3rd, SAFE, throw by CF made to third Mike Quackenbush to second
|
|
Batting: SHB Ben Ervin
|
0-0: Called Strike 0-1: Ball 1-1: Ball 2-1: Ground out 5-3 (Groundball, 56S, EV 82.5 MPH)
|
|
Batting: RHB Marty King
|
0-0: Foul Ball, location: 2F 0-1: Ball 1-1: Ball 2-1: DOUBLE (Flyball, 8RXD, EV 90.6 MPH) Mike Mentzer scores Mike Quackenbush scores
|
|
DELAY
|
Rain delay of 36 minutes in the 8th inning.
|
|
Batting: RHB Ernie Genier
|
Pickoff Throw to Second - Error! E1 Marty King to third 0-0: Swinging Strike 0-1: Ball 1-1: Foul Ball, location: 2F 1-2: Ball 2-2: Foul Ball, location: 2F 2-2: SINGLE (Groundball, 56D, EV 96.9 MPH) Marty King scores
|
|
Batting: RHB Garry Hash
|
0-0: Called Strike 0-1: Fly out, F7 (Line Drive, 7D, EV 103.8 MPH)
|
|
Batting: RHB Xavier Joslin
|
0-0: Called Strike 0-1: Foul Ball, location: 2F 0-2: Fly out, F8 (Flyball, 8LM, EV 87.5 MPH)
|
| Bottom of the 8th over - 3 runs, 3 hits, 1 error, 1 left on base; Salt Lake 2 - Pawtucket 5 |
| TOP OF THE 9TH |
|
Salt Lake Bees batting - Pitching for Pawtucket Red Sox : LHP Zack McGovern
|
|
Pitching: RHP John Jordan
|
|
|
Now at SS: Mike Quackenbush
|
|
|
Now in LF: Gus Cruz
|
|
|
Now in RF: Justin Wenzel
|
|
|
Batting: RHB Guillermo Mojica
|
0-0: Ball 1-0: Foul Ball, location: 2F 1-1: Ground out 6-3 (Groundball, 6, EV 105.6 MPH)
|
|
Batting: RHB Cesar Ortega
|
0-0: Ball 1-0: Fly out, F6 (Line Drive, 6, EV 66.9 MPH)
|
|
Batting: SHB Brendan Bundy
|
0-0: Foul Ball, location: 2F 0-1: Ball 1-1: Ball 2-1: Ball 3-1: Foul Ball, location: 2F 3-2: Strikes out swinging
|
| Top of the 9th over - 0 runs, 0 hits, 0 errors, 0 left on base; Salt Lake 2 - Pawtucket 5 |
|